A+ CENTRAL
WEST MICHIGAN WHITECAPS @ WISCONSIN TIMBER RATTLERS
07/31/2041
 
TOP OF THE 1ST
West Michigan Whitecaps batting - Pitching for Wisconsin Timber Rattlers : RHP Behçet Cevik
Pitching: RHP Behçet Cevik
Batting: LHB António Espinosa 0-0: Swinging Strike
0-1: Ball
1-1: Swinging Strike
1-2: Strikes out looking
Batting: LHB Jorge Árias 0-0: Foul Ball, location: 2RF
0-1: Ground out U3 (Groundball, 3L, EV 81.3 MPH)
Batting: RHB Jeremy Myrick 0-0: Foul Ball, location: 5F
0-1: Ball
1-1: Ball
2-1: Swinging Strike
2-2: Ground out 5-3 (Groundball, 56, EV 84.4 MPH)
Top of the 1st over - 0 runs, 0 hits, 0 errors, 0 left on base; West Michigan 0 - Wisconsin 0
BOTTOM OF THE 1ST
Wisconsin Timber Rattlers batting - Pitching for West Michigan Whitecaps : RHP Robinson Benítez
Pitching: RHP Robinson Benítez
Batting: LHB Pat Hicks 0-0: Ball
1-0: Bunt for hit to 15 - play at first, batter OUT! 1-3
Batting: RHB Joe Chandler 0-0: Called Strike
0-1: Swinging Strike
0-2: Ball
1-2: Ground out 1-3 (Groundball, 13S, EV 65.6 MPH)
Batting: SHB Dylan Miles 0-0: Ball
1-0: Ball
2-0: Ball
3-0: Base on Balls
Batting: RHB Albert Palácios 0-0: Called Strike
0-1: Ball
1-1: Called Strike
1-2: Foul Ball, location: 2RF
1-2: Ground out 5-3 (Groundball, 15, EV 84.4 MPH)
Bottom of the 1st over - 0 runs, 0 hits, 0 errors, 1 left on base; West Michigan 0 - Wisconsin 0
TOP OF THE 2ND
West Michigan Whitecaps batting - Pitching for Wisconsin Timber Rattlers : RHP Behçet Cevik
Batting: RHB Manny Villalobos 0-0: Swinging Strike
0-1: Ball
1-1: Foul Ball, location: 5FF
1-2: Foul Ball, location: 7LSF
1-2: Strikes out swinging
Batting: RHB Aurelio Rodríguez 0-0: Foul Ball, location: 2F
0-1: Ball
1-1: Ball
2-1: Ground out 4-3 (Groundball, 4M, EV 104.4 MPH)
Batting: RHB Ron Jones 0-0: DOUBLE (Line Drive, 8RXD, EV 108.8 MPH)
Batting: RHB Johnathan Winters 0-0: Swinging Strike
0-1: Ball
1-1: Foul Ball, location: 23FF
1-2: Ground out 1-3 (Groundball, 13S, EV 76.3 MPH)
Top of the 2nd over - 0 runs, 1 hit, 0 errors, 1 left on base; West Michigan 0 - Wisconsin 0
BOTTOM OF THE 2ND
Wisconsin Timber Rattlers batting - Pitching for West Michigan Whitecaps : RHP Robinson Benítez
Batting: RHB Dave Smith 0-0: Called Strike
0-1: Swinging Strike
0-2: Ball
1-2: Ball
2-2: Ball
3-2: Foul Ball, location: 9LMF
3-2: Base on Balls
Batting: RHB Steve Ervin 0-0: Sac Bunt to 13 - play at second, runner OUT! 1-6
Batting: RHB Jedd Clayton 0-0: Ball
1-0: Called Strike
1-1: Ball
2-1: Foul Ball, location: 2F
2-2: Ball
3-2: Foul Ball, location: 2F
3-2: Strikes out swinging
Batting: RHB Dani Montoya 0-0: Ball
1-0: Called Strike
1-1: Foul Ball, location: 2F
1-2: Strikes out swinging
Bottom of the 2nd over - 0 runs, 0 hits, 0 errors, 1 left on base; West Michigan 0 - Wisconsin 0
TOP OF THE 3RD
West Michigan Whitecaps batting - Pitching for Wisconsin Timber Rattlers : RHP Behçet Cevik
Batting: RHB Steffen Younger 0-0: Called Strike
0-1: Called Strike
0-2: Ball
1-2: Ball
2-2: DOUBLE (Line Drive, 9LM, EV 102.5 MPH)
Batting: RHB Arturo Avalos 0-0: Ball
1-0: Sac Bunt to 2L - play at first, batter OUT! 2-4
Steffen Younger to third
Batting: LHB António Espinosa 0-0: Called Strike
0-1: Ball
1-1: SINGLE (Line Drive, 4M, EV 95.6 MPH)
Steffen Younger scores
Batting: LHB Jorge Árias 0-0: DOUBLE (Flyball, 8RXD, EV 106.3 MPH)
António Espinosa to third
Runner from 3rd tries for Home, throw by CF and OUT! 8-4-2
Batting: RHB Jeremy Myrick 0-0: Ball
1-0: Called Strike
Jorge Árias steals 3rd base (no throw)
1-1: Foul Ball, location: 23F
1-2: Strikes out looking
Top of the 3rd over - 1 run, 3 hits, 0 errors, 1 left on base; West Michigan 1 - Wisconsin 0
BOTTOM OF THE 3RD
Wisconsin Timber Rattlers batting - Pitching for West Michigan Whitecaps : RHP Robinson Benítez
Batting: RHB Jeremy Taylor 0-0: Foul Ball, location: 23F
0-1: Foul Ball, location: 2RF
0-2: Ball
1-2: Ball
2-2: Foul Ball, location: 9LMF
2-2: Strikes out swinging
Batting: LHB Pat Hicks 0-0: Called Strike
0-1: Fly out, F3 (Popup, 3DF, EV 68.8 MPH)
Batting: RHB Joe Chandler 0-0: Ground out 1-3 (Groundball, 13S, EV 63.1 MPH)
Bottom of the 3rd over - 0 runs, 0 hits, 0 errors, 0 left on base; West Michigan 1 - Wisconsin 0
TOP OF THE 4TH
West Michigan Whitecaps batting - Pitching for Wisconsin Timber Rattlers : RHP Behçet Cevik
Batting: RHB Manny Villalobos 0-0: Ball
1-0: Called Strike
1-1: Fly out, F9 (Flyball, 89M, EV 85.0 MPH)
Batting: RHB Aurelio Rodríguez 0-0: Ground out 4-3 (Groundball, 4, EV 84.4 MPH)
Batting: RHB Ron Jones 0-0: Ball
1-0: Fly out, F4 (Line Drive, 4, EV 75.0 MPH)
Top of the 4th over - 0 runs, 0 hits, 0 errors, 0 left on base; West Michigan 1 - Wisconsin 0
BOTTOM OF THE 4TH
Wisconsin Timber Rattlers batting - Pitching for West Michigan Whitecaps : RHP Robinson Benítez
Batting: SHB Dylan Miles 0-0: Ball
1-0: Ground out 5-3 (Groundball, 5, EV 89.4 MPH)
Batting: RHB Albert Palácios 0-0: Fly out, F4 (Popup, 34, EV 69.4 MPH)
Batting: RHB Dave Smith 0-0: Swinging Strike
0-1: Foul Ball, location: 2F
0-2: Strikes out swinging
Bottom of the 4th over - 0 runs, 0 hits, 0 errors, 0 left on base; West Michigan 1 - Wisconsin 0
TOP OF THE 5TH
West Michigan Whitecaps batting - Pitching for Wisconsin Timber Rattlers : RHP Behçet Cevik
Batting: RHB Johnathan Winters 0-0: Swinging Strike
0-1: Ball
1-1: Ball
2-1: Swinging Strike
2-2: TRIPLE (Flyball, 78XD, EV 88.1 MPH)
Batting: RHB Steffen Younger 0-0: Ball
1-0: Ball
2-0: Foul Ball, location: 2F
2-1: Fly out, F8 (Flyball, 8RXD, EV 100.6 MPH)
Runner from 3rd tags up, SCORES, no throw by CF
Batting: RHB Arturo Avalos 0-0: Called Strike
0-1: Ball
1-1: Swinging Strike
1-2: SINGLE (Line Drive, 78S, EV 97.5 MPH)
Batting: LHB António Espinosa 0-0: Ball
1-0: Called Strike
1-1: Foul Ball, location: 23FF
1-2: Fly out, F9 (Flyball, 9, EV 83.1 MPH)
Batting: LHB Jorge Árias 0-0: Ball
1-0: Called Strike
1-1: Fly out, F7 (Flyball, 7D, EV 83.8 MPH)
Top of the 5th over - 1 run, 2 hits, 0 errors, 1 left on base; West Michigan 2 - Wisconsin 0
BOTTOM OF THE 5TH
Wisconsin Timber Rattlers batting - Pitching for West Michigan Whitecaps : RHP Robinson Benítez
Batting: RHB Steve Ervin 0-0: Called Strike
0-1: Foul Ball, location: 3F
0-2: Foul Ball, location: 9LSF
0-2: Ball
1-2: Foul Ball, location: 3F
1-2: Strikes out swinging
Batting: RHB Jedd Clayton 0-0: Ball
1-0: Called Strike
1-1: DOUBLE (Flyball, 89D, EV 108.8 MPH)
Batting: RHB Dani Montoya 0-0: Swinging Strike
0-1: Swinging Strike
0-2: Ball
1-2: Ball
2-2: Foul Ball, location: 5F
2-2: Strikes out looking
Batting: RHB Jeremy Taylor 0-0: Called Strike
0-1: Foul Ball, location: 5F
0-2: Ball
1-2: Strikes out swinging
Bottom of the 5th over - 0 runs, 1 hit, 0 errors, 1 left on base; West Michigan 2 - Wisconsin 0
TOP OF THE 6TH
West Michigan Whitecaps batting - Pitching for Wisconsin Timber Rattlers : RHP Behçet Cevik
Batting: RHB Jeremy Myrick 0-0: Ball
1-0: Ground out 4-3 (Groundball, 4MD, EV 93.8 MPH)
Batting: RHB Manny Villalobos 0-0: Swinging Strike
0-1: Swinging Strike
0-2: Ball
1-2: Foul Ball, location: 3DF
1-2: Ball
2-2: Fly out, F3 (Popup, 34, EV 53.8 MPH)
Batting: RHB Aurelio Rodríguez 0-0: Called Strike
0-1: Foul Ball, location: 2F
0-2: Ground out 4-3 (Groundball, 4, EV 88.1 MPH)
Top of the 6th over - 0 runs, 0 hits, 0 errors, 0 left on base; West Michigan 2 - Wisconsin 0
BOTTOM OF THE 6TH
Wisconsin Timber Rattlers batting - Pitching for West Michigan Whitecaps : RHP Robinson Benítez
Batting: LHB Pat Hicks 0-0: Ball
1-0: DOUBLE (Flyball, 89D, EV 108.8 MPH)
Batting: RHB Joe Chandler 0-0: Called Strike
0-1: Ball
1-1: Called Strike
1-2: Foul Ball, location: 9LDF
1-2: Fly out, F8 (Flyball, 8RD, EV 81.3 MPH)
Runner from 2nd tags up, SAFE at 3rd, no throw by CF
Batting: SHB Dylan Miles 0-0: Foul Ball, location: 2F
0-1: Ball
1-1: Fielders Choice attempt at home, Runner SAFE. 3-2 (Groundball, 34, EV 106.9 MPH)
Batting: RHB Albert Palácios 0-0: Called Strike
0-1: Ball
1-1: Ball
2-1: Ball
3-1: Base on Balls
Dylan Miles to second
Batting: RHB Dave Smith 0-0: Ball
1-0: Called Strike
1-1: Called Strike
1-2: Strikes out looking
Batting: RHB Steve Ervin 0-0: Called Strike
0-1: Swinging Strike
0-2: Foul Ball, location: 25F
0-2: Ball
1-2: Strikes out swinging
Bottom of the 6th over - 1 run, 1 hit, 0 errors, 2 left on base; West Michigan 2 - Wisconsin 1
TOP OF THE 7TH
West Michigan Whitecaps batting - Pitching for Wisconsin Timber Rattlers : RHP Behçet Cevik
Batting: RHB Ron Jones 0-0: Ball
1-0: Ground out 6-3 (Groundball, 56, EV 88.1 MPH)
Batting: RHB Johnathan Winters 0-0: Ball
1-0: SINGLE (Groundball, 4MD, EV 100.0 MPH)
Batting: RHB Steffen Younger 0-0: Foul Ball, location: 5SF
0-1: Called Strike
0-2: Ball
1-2: Ball
2-2: Strikes out looking
Batting: RHB Arturo Avalos 0-0: Ball
Johnathan Winters is caught stealing 2nd base 2-4
Top of the 7th over - 0 runs, 1 hit, 0 errors, 0 left on base; West Michigan 2 - Wisconsin 1
BOTTOM OF THE 7TH
Wisconsin Timber Rattlers batting - Pitching for West Michigan Whitecaps : RHP Robinson Benítez
Pinch Hitting: LHB Gene Park 0-0: Ground out 6-3 (Groundball, 6, EV 89.4 MPH)
Pinch Hitting: LHB Juan Ornelas 0-0: Called Strike
0-1: Ball
1-1: SINGLE (Line Drive, 56D, EV 98.8 MPH)
Batting: RHB Jeremy Taylor 0-0: Ball
1-0: Fly out, F8 (Flyball, 8LD, EV 98.1 MPH)
Batting: LHB Pat Hicks 0-0: Ground out 4-3 (Groundball, 4, EV 107.5 MPH)
Bottom of the 7th over - 0 runs, 1 hit, 0 errors, 1 left on base; West Michigan 2 - Wisconsin 1
TOP OF THE 8TH
West Michigan Whitecaps batting - Pitching for Wisconsin Timber Rattlers : RHP Behçet Cevik
Now at 2B: António Quintero
Now at 3B: Kurt Marshall
Batting: RHB Arturo Avalos 0-0: Fly out, F9 (Flyball, 9LS, EV 77.5 MPH)
Batting: LHB António Espinosa 0-0: Ball
1-0: Ball
2-0: Swinging Strike
2-1: Ball
3-1: Base on Balls
Pitching: LHP José Vallejo
Batting: LHB Jorge Árias 0-0: Ball
António Espinosa is caught stealing 2nd base 2-6
1-0: Foul Ball, location: 9LDF
1-1: Ball
2-1: Ball
3-1: Base on Balls
Pitching: LHP Zai-shuo Won
Batting: RHB Jeremy Myrick 0-0: Called Strike
0-1: Ball
Jorge Árias is caught stealing 2nd base 2-4
Top of the 8th over - 0 runs, 0 hits, 0 errors, 0 left on base; West Michigan 2 - Wisconsin 1
BOTTOM OF THE 8TH
Wisconsin Timber Rattlers batting - Pitching for West Michigan Whitecaps : RHP Robinson Benítez
Batting: RHB Joe Chandler 0-0: Ball
1-0: Ball
2-0: Foul Ball, location: 5FF
2-1: Ball
3-1: Ground out 6-3 (Groundball, 6, EV 86.9 MPH)
Batting: SHB Dylan Miles 0-0: Called Strike
0-1: DOUBLE (Line Drive, 9LS, EV 107.5 MPH)
Pitching: RHP Derek Hoffman
Batting: RHB Albert Palácios 0-0: Called Strike
0-1: Swinging Strike
0-2: Ball
1-2: Ball
2-2: Strikes out swinging
Batting: LHB Juan García 0-0: Called Strike
0-1: Called Strike
0-2: Ball
1-2: Strikes out swinging
Bottom of the 8th over - 0 runs, 1 hit, 0 errors, 1 left on base; West Michigan 2 - Wisconsin 1
TOP OF THE 9TH
West Michigan Whitecaps batting - Pitching for Wisconsin Timber Rattlers : LHP Zai-shuo Won
Pitching: LHP Ken Mullen
Batting: RHB Jeremy Myrick 0-0: Called Strike
0-1: Fly out, F9 (Flyball, 9LSF, EV 85.6 MPH)
Batting: RHB Manny Villalobos 0-0: Called Strike
0-1: Ball
1-1: Ball
2-1: Ground out 4-3 (Groundball, 4, EV 89.4 MPH)
Batting: RHB Aurelio Rodríguez 0-0: Ball
1-0: Foul Ball, location: 2F
1-1: Ball
2-1: Foul Ball, location: 3F
2-2: Ball
3-2: Foul Ball, location: 5DF
3-2: Fly out, F7 (Flyball, 7D, EV 101.3 MPH)
Top of the 9th over - 0 runs, 0 hits, 0 errors, 0 left on base; West Michigan 2 - Wisconsin 1
BOTTOM OF THE 9TH
Wisconsin Timber Rattlers batting - Pitching for West Michigan Whitecaps : RHP Derek Hoffman
Pitching: RHP Randy Baker
Batting: RHB Steve Ervin 0-0: Called Strike
0-1: Ball
1-1: Ball
2-1: Ground out 5-3 (Groundball, 5, EV 83.8 MPH)
Batting: RHB Kurt Marshall 0-0: Ball
1-0: Ball
2-0: Ball
3-0: Called Strike
3-1: Foul Ball, location: 5DF
3-2: Strikes out swinging
Batting: RHB António Quintero 0-0: Ball
1-0: Ball
2-0: Called Strike
2-1: Ground out 5-3 (Groundball, 5, EV 79.4 MPH)
Bottom of the 9th over - 0 runs, 0 hits, 0 errors, 0 left on base; West Michigan 2 - Wisconsin 1
Monday, April 1st , 2024 - OOTP Baseball 24.10 Build 82